 Dungeon Crawl Stone Soup version 0.16.1-4-g8e1b745 (console) character file.

49 gw the Charlatan (level 3, -5/20 HPs)
             Began as a Deep Elf Artificer on Mar 28, 2015.
             Slain by a goliath beetle (10 damage)
             ... on level 4 of the Dungeon.
             The game lasted 00:01:56 (933 turns).

gw the Charlatan (Deep Elf Artificer)                Turns: 933, Time: 00:01:56

Health: -5/20      AC:  3    Str:  8    XL:     3   Next: 53%
Magic:  7/7        EV: 13    Int: 16    God:
Gold:   49         SH:  0    Dex: 16    Spells: 0 memorised, 2 levels left

rFire  . . .     SeeInvis .     a - +0 short sword
rCold  . . .     Clarity  .     e - +0 leather armour
rNeg   . . .     SustAb   .     (no shield)
rPois  .         Gourm    .     (no helmet)
rElec  .         Spirit   .     (no cloak)
rCorr  .         Warding  .     (no gloves)
rMut   .         Stasis   .     (no boots)
MR     .....                    (no amulet)
Stlth  ++........               (no ring)
                                (no ring)

@: lethally poisoned (-5 -> -11), not resistant to hostile enchantments,
unstealthy
A: no striking features
a: no special abilities


You were on level 4 of the Dungeon.
You were not hungry.

You visited 1 branch of the dungeon, and saw 4 of its levels.

You collected 49 gold pieces.

Inventory:

Hand weapons
 a - a +0 short sword (weapon)
Armour
 e - a +0 leather armour (worn)
Magical devices
 b - a wand of flame (1)
 c - a wand of enslavement (14)
Scrolls
 g - 2 scrolls of identify {unknown}
Comestibles
 f - a bread ration


   Skills:
 + Level 1.5 Fighting
 * Level 2.4 Short Blades
 + Level 3.2 Dodging
 - Level 1.2 Stealth
 - Level 3.2 Evocations


You had 2 spell levels left.
You didn't know any spells.

Dungeon Overview and Level Annotations

Branches:
Dungeon (4/15)
 Temple: D:4-7

Altars:


Message History

Zapping:
b - a wand of flame (3)
Press: ? - help, Shift-Dir - straight line, f/p - goliath beetle
Aim: a goliath beetle (heavily wounded)
The puff of flame hits the goliath beetle.
The goliath beetle appears unharmed.
The goliath beetle is heavily wounded.
This wand has 2 charges left.
Unknown command.
Unknown command.
Unknown command.
Unknown command.
Evoke which item? (* to show all) (? for menu, Esc to quit)
Zapping:
b - a wand of flame (2)
Press: ? - help, Shift-Dir - straight line, f/p - goliath beetle
Aim: a goliath beetle (heavily wounded)
The puff of flame hits the goliath beetle.
The goliath beetle is heavily wounded.
This wand has 1 charge left.
The goliath beetle bites you!
Ouch! That really hurt!
You die...

# .# .# .# . #.# .#
... #... .### ... #..#
... ..## #.. ##.#
...## ##.#######e.#
#...###..#.....#B##
#.....#..B....$..#####
#....................#
#.....$............###
#..................#
.....##........./..#
....###.............#
.##.# #..............#


You could see a goliath beetle.

Table legend:
 A = Turns spent in this place as a percentage of turns spent in the entire game.
 B = Non-inter-level travel turns spent in this place as a percentage of non-inter-level travel turns spent in the entire game.
 C = Inter-level travel turns spent in this place as a percentage of turns spent in this place.
 D = Turns resting spent in this place as a percentage of non-inter-level travel turns spent in this place.
 E = Turns spent auto-exploring this place as a percentage of non-inter-level travel turns spent in this place.
 F = Non-inter-level travel turns spent in this place divided by the number of levels of this place that you've seen.
                   A       B       C       D       E      F
               +-------+-------+-------+-------+-------+----------------------
         Total | 100.0 | 100.0 |   1.5 |   1.4 |   1.4 | 382.2
       Dungeon | 100.0 | 100.0 |   1.5 |   1.4 |   1.4 | 382.2
               +-------+-------+-------+-------+-------+----------------------

Table legend:
 A = Kills in this place as a percentage of kills in entire the game.
 B = Kills by you in this place as a percentage of kills by you in the entire game.
 C = Kills by friends in this place as a percentage of kills by friends in the entire game.
 D = Other kills in this place as a percentage of other kills in the entire game.
 E = Experience gained in this place as a percentage of experience gained in the entire game.
 F = Experience gained in this place divided by the number of levels of this place that you have seen.
                   A       B       C       D       E      F
               +-------+-------+-------+-------+-------+----------------------
         Total | 100.0 | 100.0 |  -nan |  -nan | 100.0 |  17.8
       Dungeon | 100.0 | 100.0 |  -nan |  -nan | 100.0 |  17.8
               +-------+-------+-------+-------+-------+----------------------

Vanquished Creatures
  A scorpion (D:4)
  A worm (D:3)
  A ball python (D:2)
  A goblin (D:1)
  3 hobgoblins
  A bat (D:3)
  3 giant cockroaches
  A giant newt (D:4)
  3 kobolds
  2 rats (D:1)
17 creatures vanquished.

Notes
Turn   | Place    | Note
--------------------------------------------------------------
     0 | D:1      | gw, the Deep Elf Artificer, began the quest for the Orb.
     0 | D:1      | Reached XP level 1. HP: 11/11 MP: 2/2
   365 | D:2      | Reached skill level 1 in Fighting
   621 | D:3      | Reached XP level 2. HP: 16/16 MP: 5/5
   793 | D:4      | Noticed a phantom
   868 | D:4      | Noticed a scorpion
   917 | D:4      | Killed a scorpion
   917 | D:4      | Reached XP level 3. HP: 13/20 MP: 7/7
   933 | D:4      | Slain by a goliath beetle

Action                   || total
-------------------------++-------
Melee: Short sword       ||    64
Evoke: Wand              ||    30

Vault maps used:
D:1:      dpeg_cavernosity
D:2:      first_bread, kennysheep_cross_bottleneck, uniq_terence
D:3:      kiku_gazebo_garden_becter
D:4:      lemuel_doored_altar, minmay_misc_feat_square
